General information
- name: BNet
- type: Ladder team game (AT/RT)
- host: Battle.net
- saver: DELICATESSEN
map: TwilightRuins
- players: 8
- length: 59:49
- speed: Fast
- version: 1.26 W3XP
- replay type: Public
» download(301 KB)
Players
team 1 (loser)

»
li331 (
pink | 43 APM | 2601 actions | 59:49)
7 Priestess of the Moon
3 Trueshot Aura
1 Scout
2 Searing Arrows
1 Starfall
» actions
| Assign group hotkey | 29 | |
| Basic commands | 304 | |
| Build / train | 85 | |
| ESC pressed | 2 | |
| Enter build submenu | 28 | |
| Enter hero's abilities submenu | 7 | |
| Give item / drop item | 4 | |
| Right click | 554 | |
| Select / deselect | 582 | |
| Select group hotkey | 923 | |
| Use ability | 82 | |
2601 total
» units
| Wisp | 32 | |
| Archer | 10 | |
| Chimaera | 7 | |
| Hippogryph | 5 | |
54 total
» upgrades
| Improved Bows | 1 | |
| Marksmanship | 1 | |
| Corrosive Breath | 1 | |
| Strength of the Wild | 3 | |
| Reinforced Hides | 1 | |
7 total
» buildings
| Ancient of War | 2 | |
| Altar of Elders | 2 | |
| Moon Well | 11 | |
| Tree of Ages | 3 | |
| Tree of Eternity | 2 | |
| Ancient of Wind | 2 | |
| Hunter's Hall | 2 | |
| Ancient of Wonders | 1 | |
| Tree of Life | 6 | |
| Chimaera Roost | 2 | |
33 total
» build order
00:09 Ancient of War
00:13 Altar of Elders
00:28 Moon Well
01:32 Moon Well
02:30 Ancient of War
03:44 Tree of Ages
04:16 Moon Well
07:01 Tree of Eternity
07:03 Ancient of Wind
07:26 Hunter's Hall
07:30 Ancient of Wonders
08:28 Moon Well
08:29 Moon Well
08:49 Tree of Life
10:46 Chimaera Roost
10:49 Chimaera Roost
11:51 Moon Well
15:32 Ancient of Wind
19:53 Moon Well
20:25 Moon Well
23:57 Tree of Life
24:14 Tree of Ages
24:54 Altar of Elders
27:03 Tree of Eternity
27:29 Moon Well
30:04 Tree of Life
30:55 Tree of Life
31:20 Tree of Ages
31:51 Moon Well
31:58 Moon Well
32:03 Tree of Life
32:54 Hunter's Hall
33:27 Tree of Life
» items
| Scroll of Regeneration | 1 | |
| Scroll of Town Portal | 6 | |
| Staff of Preservation | 1 | |
| Potion of Lesser Invulnerability | 2 | |
| Staff of Teleportation | 1 | |
11 total
awsdddccf (
purple | 38 APM | 1944 actions | 51:37)
7 Blood Mage
3 Flame Strike
3 Siphon Mana
1 Summon Phoenix
» actions
| Basic commands | 32 | |
| Build / train | 154 | |
| Enter build submenu | 66 | |
| Enter hero's abilities submenu | 7 | |
| Give item / drop item | 8 | |
| Remove unit from queue | 16 | |
| Right click | 660 | |
| Select / deselect | 869 | |
| Use ability | 132 | |
1944 total
» units
| Peasant | 49 | |
| Mortar Team | 7 | |
| Flying Machine | 10 | |
66 total
» upgrades
| Masonry | 3 | |
| Gunpowder | 3 | |
| Armor | 3 | |
| Plating | 3 | |
| Lumber Harvesting | 2 | |
| Flare | 1 | |
| Flak Cannons | 1 | |
| Flying Machine Bombs | 1 | |
| Barrage | 1 | |
| Fragmentation Shards | 1 | |
19 total
» buildings
| Altar of Kings | 3 | |
| Farm | 12 | |
| Lumber Mill | 4 | |
| Scout Tower | 30 | |
| Arcane Tower | 5 | |
| Arcane Vault | 1 | |
| Guard Tower | 19 | |
| Town Hall | 9 | |
| Keep | 1 | |
| Blacksmith | 1 | |
| Workshop | 4 | |
| Castle | 1 | |
90 total
» build order
00:19 Altar of Kings
00:37 Farm
01:04 Lumber Mill
01:09 Scout Tower
02:23 Arcane Tower
02:34 Farm
02:52 Arcane Vault
03:15 Farm
03:24 Scout Tower
03:27 Scout Tower
03:57 Guard Tower
04:01 Guard Tower
04:51 Scout Tower
05:17 Farm
05:19 Guard Tower
05:21 Scout Tower
05:58 Guard Tower
06:00 Scout Tower
06:02 Farm
06:35 Guard Tower
07:16 Town Hall
07:24 Scout Tower
07:25 Scout Tower
07:26 Scout Tower
07:27 Scout Tower
07:30 Scout Tower
07:31 Scout Tower
07:34 Scout Tower
07:58 Scout Tower
08:03 Guard Tower
08:15 Guard Tower
08:25 Scout Tower
08:30 Guard Tower
08:38 Guard Tower
09:01 Guard Tower
09:47 Scout Tower
10:16 Scout Tower
10:23 Guard Tower
10:47 Arcane Tower
10:49 Scout Tower
11:20 Arcane Tower
11:21 Scout Tower
11:30 Scout Tower
11:45 Keep
11:51 Arcane Tower
12:06 Scout Tower
12:12 Guard Tower
12:15 Scout Tower
12:48 Blacksmith
13:15 Guard Tower
13:24 Town Hall
13:29 Guard Tower
13:56 Lumber Mill
14:09 Workshop
14:10 Workshop
14:36 Scout Tower
14:50 Workshop
15:08 Guard Tower
15:10 Farm
15:12 Farm
15:13 Farm
15:16 Farm
15:22 Workshop
15:50 Scout Tower
16:10 Farm
16:11 Farm
16:12 Farm
16:34 Scout Tower
16:35 Guard Tower
17:16 Scout Tower
17:27 Guard Tower
17:57 Arcane Tower
18:20 Castle
19:01 Lumber Mill
21:21 Lumber Mill
25:01 Town Hall
28:55 Town Hall
30:13 Town Hall
30:18 Scout Tower
30:19 Scout Tower
30:21 Scout Tower
30:22 Scout Tower
30:47 Guard Tower
30:48 Guard Tower
31:13 Town Hall
31:16 Town Hall
34:57 Town Hall
37:23 Town Hall
38:14 Altar of Kings
39:45 Altar of Kings
» items
| Lesser Clarity Potion | 7 | |
| Boots of Speed | 2 | |
| Periapt of Vitality | 3 | |
| Scroll of Regeneration | 2 | |
| Staff of Teleportation | 1 | |
| Scroll of Town Portal | 3 | |
| Potion of Healing | 3 | |
| Potion of Lesser Invulnerability | 1 | |
22 total
DELICATESSEN (
green | 43 APM | 2561 actions | 59:49)
10 Archmage
3 Summon Water Elemental
3 Brilliance Aura
1 Mass Teleport
3 Blizzard
» actions
| Assign group hotkey | 44 | |
| Basic commands | 146 | |
| Build / train | 129 | |
| Enter build submenu | 75 | |
| Enter hero's abilities submenu | 10 | |
| Give item / drop item | 8 | |
| Right click | 907 | |
| Select / deselect | 546 | |
| Select group hotkey | 414 | |
| Use ability | 282 | |
2561 total
» units
| Peasant | 13 | |
| Footman | 4 | |
| Goblin Shredder | 1 | |
| Goblin Sapper | 43 | |
| Gryphon Rider | 8 | |
| Goblin Zeppelin | 7 | |
| Flying Machine | 1 | |
77 total
» upgrades
| Swords | 3 | |
| Armor | 3 | |
| Animal War Training | 1 | |
| Storm Hammers | 1 | |
| Masonry | 3 | |
| Cloud | 1 | |
| Magic Sentry | 1 | |
13 total
» buildings
| Altar of Kings | 1 | |
| Barracks | 1 | |
| Farm | 15 | |
| Keep | 1 | |
| Town Hall | 6 | |
| Arcane Vault | 1 | |
| Castle | 1 | |
| Lumber Mill | 1 | |
| Scout Tower | 56 | |
| Gryphon Aviary | 6 | |
| Blacksmith | 2 | |
| Guard Tower | 17 | |
| Arcane Sanctum | 1 | |
| Workshop | 1 | |
| Arcane Tower | 1 | |
111 total
» build order
00:38 Altar of Kings
00:40 Barracks
00:52 Farm
00:54 Farm
01:06 Farm
01:43 Farm
01:48 Farm
03:32 Keep
04:04 Town Hall
04:15 Arcane Vault
05:30 Farm
06:04 Castle
07:20 Lumber Mill
07:55 Scout Tower
07:57 Scout Tower
07:59 Scout Tower
08:01 Scout Tower
08:04 Scout Tower
09:15 Gryphon Aviary
09:15 Gryphon Aviary
09:15 Gryphon Aviary
09:19 Blacksmith
09:21 Blacksmith
10:10 Guard Tower
15:27 Scout Tower
15:28 Scout Tower
15:29 Scout Tower
15:30 Scout Tower
15:32 Scout Tower
15:34 Scout Tower
15:34 Scout Tower
16:03 Guard Tower
17:26 Guard Tower
17:28 Farm
17:29 Farm
17:31 Farm
17:31 Farm
17:32 Farm
17:33 Farm
17:33 Farm
17:35 Farm
17:36 Farm
20:28 Town Hall
20:31 Scout Tower
20:32 Scout Tower
20:32 Scout Tower
20:32 Scout Tower
20:33 Scout Tower
20:33 Scout Tower
20:34 Scout Tower
20:35 Scout Tower
22:41 Town Hall
22:46 Scout Tower
22:46 Scout Tower
22:46 Scout Tower
22:47 Scout Tower
22:48 Scout Tower
22:49 Scout Tower
22:49 Scout Tower
22:55 Guard Tower
23:09 Scout Tower
23:10 Scout Tower
23:11 Scout Tower
23:12 Scout Tower
23:15 Scout Tower
23:18 Scout Tower
23:19 Scout Tower
23:19 Scout Tower
23:20 Scout Tower
23:20 Scout Tower
23:21 Scout Tower
23:27 Guard Tower
23:46 Guard Tower
23:46 Guard Tower
25:00 Guard Tower
25:19 Gryphon Aviary
25:21 Gryphon Aviary
25:38 Guard Tower
26:17 Guard Tower
33:54 Town Hall
34:00 Scout Tower
34:00 Scout Tower
34:01 Scout Tower
34:01 Scout Tower
34:03 Scout Tower
34:03 Scout Tower
34:03 Scout Tower
34:04 Scout Tower
38:51 Guard Tower
39:56 Arcane Sanctum
43:21 Workshop
46:26 Town Hall
47:15 Scout Tower
47:15 Scout Tower
47:16 Scout Tower
47:16 Scout Tower
47:20 Scout Tower
48:31 Guard Tower
49:16 Town Hall
49:18 Scout Tower
49:18 Scout Tower
49:19 Scout Tower
49:20 Scout Tower
50:03 Guard Tower
50:15 Arcane Tower
» items
| Scroll of Regeneration | 4 | |
| Scroll of Town Portal | 2 | |
| Periapt of Vitality | 2 | |
8 total
Skyler_White (
blue | 39 APM | 2125 actions | 54:05)
5 Archmage
2 Summon Water Elemental
3 Blizzard
» actions
| Basic commands | 33 | |
| Build / train | 110 | |
| Enter build submenu | 39 | |
| Enter hero's abilities submenu | 7 | |
| Right click | 1338 | |
| Select / deselect | 455 | |
| Use ability | 143 | |
2125 total
» units
| Peasant | 20 | |
| Goblin Shredder | 3 | |
| Goblin Zeppelin | 10 | |
| Mortar Team | 18 | |
| Siege Engine | 19 | |
70 total
» upgrades
| Masonry | 2 | |
| Gunpowder | 3 | |
| Armor | 2 | |
| Flare | 1 | |
| Lumber Harvesting | 1 | |
| Fragmentation Shards | 1 | |
| Barrage | 1 | |
| Plating | 2 | |
13 total
» buildings
| Farm | 12 | |
| Lumber Mill | 2 | |
| Altar of Kings | 1 | |
| Scout Tower | 14 | |
| Guard Tower | 10 | |
| Arcane Tower | 2 | |
| Blacksmith | 1 | |
| Keep | 1 | |
| Arcane Vault | 1 | |
| Workshop | 3 | |
| Castle | 2 | |
| Town Hall | 3 | |
52 total
» build order
00:21 Farm
01:01 Lumber Mill
01:27 Farm
01:58 Altar of Kings
02:11 Scout Tower
02:15 Scout Tower
02:19 Scout Tower
02:23 Scout Tower
02:26 Scout Tower
02:30 Scout Tower
02:47 Guard Tower
02:47 Guard Tower
03:14 Guard Tower
03:14 Guard Tower
03:27 Guard Tower
03:44 Guard Tower
04:02 Arcane Tower
04:37 Blacksmith
05:07 Arcane Tower
05:32 Keep
05:35 Farm
05:54 Arcane Vault
06:10 Farm
06:33 Farm
06:58 Farm
08:11 Lumber Mill
09:20 Workshop
09:28 Workshop
09:59 Scout Tower
10:01 Scout Tower
10:04 Scout Tower
10:09 Scout Tower
10:45 Workshop
11:23 Farm
12:57 Scout Tower
13:01 Scout Tower
13:10 Castle
13:26 Guard Tower
13:29 Scout Tower
13:31 Guard Tower
13:32 Guard Tower
13:35 Scout Tower
17:24 Farm
17:28 Farm
21:47 Town Hall
22:21 Farm
24:48 Farm
24:52 Farm
31:19 Town Hall
37:15 Town Hall
» items
| Scroll of Regeneration | 1 | |
| Potion of Mana | 2 | |
| Potion of Healing | 2 | |
5 total
team 2 (winner)
Storm (
teal | 72 APM | 1659 actions | 23:02)
5 Keeper of the Grove
3 Entangling Roots
2 Thorns Aura
» actions
| Assign group hotkey | 1 | |
| Basic commands | 276 | |
| Build / train | 67 | |
| Enter build submenu | 17 | |
| Enter hero's abilities submenu | 6 | |
| Give item / drop item | 4 | |
| Right click | 561 | |
| Select / deselect | 357 | |
| Select group hotkey | 312 | |
| Use ability | 58 | |
1659 total
» units
» upgrades
| Sentinel | 1 | |
| Strength of the Moon | 2 | |
| Abolish Magic | 1 | |
| Improved Bows | 1 | |
| Well Spring | 1 | |
| Marksmanship | 1 | |
| Upgrade Moon Glaive | 1 | |
8 total
» buildings
| Altar of Elders | 1 | |
| Moon Well | 4 | |
| Hunter's Hall | 1 | |
| Ancient of War | 2 | |
| Tree of Ages | 2 | |
| Ancient of Wonders | 1 | |
| Tree of Life | 2 | |
| Ancient Protector | 3 | |
| Tree of Eternity | 1 | |
| Ancient of Lore | 2 | |
19 total
» build order
00:07 Altar of Elders
00:21 Moon Well
01:29 Hunter's Hall
01:57 Ancient of War
02:03 Moon Well
02:13 Ancient of War
03:11 Moon Well
04:57 Tree of Ages
04:58 Tree of Ages
07:19 Ancient of Wonders
07:38 Moon Well
07:49 Tree of Life
08:23 Ancient Protector
10:14 Tree of Life
10:17 Ancient Protector
11:10 Tree of Eternity
11:12 Ancient Protector
11:48 Ancient of Lore
13:41 Ancient of Lore
» items
| Potion of Lesser Invulnerability | 1 | |
| Scroll of Healing | 3 | |
| Boots of Speed | 1 | |
| Scroll of Town Portal | 1 | |
| Anti-magic Potion | 1 | |
| Potion of Healing | 5 | |
12 total

»
Dr.Dingus (
yellow | 19 APM | 1124 actions | 59:49)
8 Blademaster
3 Wind Walk
3 Critical Strike
1 Bladestorm
1 Mirror Image
2 Death Knight
1 Animate Dead
1 Unholy Aura
» actions
| Assign group hotkey | 4 | |
| Build / train | 70 | |
| Enter build submenu | 31 | |
| Enter hero's abilities submenu | 10 | |
| Give item / drop item | 2 | |
| Remove unit from queue | 3 | |
| Right click | 511 | |
| Select / deselect | 360 | |
| Select group hotkey | 35 | |
| Use ability | 96 | |
1124 total
» units
| Peon | 18 | |
| Grunt | 5 | |
| Tauren | 4 | |
| Shaman | 4 | |
31 total
» upgrades
| Armor | 2 | |
| Melee Weapons | 2 | |
| Shaman Training | 2 | |
| Pulverize | 1 | |
7 total
» buildings
| Altar of Storms | 4 | |
| Orc Burrow | 7 | |
| Barracks | 1 | |
| War Mill | 2 | |
| Voodoo Lounge | 1 | |
| Stronghold | 1 | |
| Great Hall | 3 | |
| Watch Tower | 5 | |
| Fortress | 1 | |
| Spirit Lodge | 1 | |
| Tauren Totem | 2 | |
| Altar of Elders | 2 | |
| Moon Well | 2 | |
32 total
» build order
00:08 Altar of Storms
00:22 Orc Burrow
00:58 Barracks
01:31 Orc Burrow
02:49 War Mill
04:06 Voodoo Lounge
04:13 Orc Burrow
04:26 Stronghold
05:21 Great Hall
05:30 Watch Tower
07:26 Fortress
07:30 Spirit Lodge
08:12 Watch Tower
08:42 Orc Burrow
10:09 Tauren Totem
10:17 Tauren Totem
11:23 Orc Burrow
12:40 Watch Tower
13:37 Orc Burrow
15:24 Watch Tower
15:28 Watch Tower
24:10 Altar of Storms
25:26 Orc Burrow
26:09 Altar of Elders
26:54 War Mill
27:39 Altar of Elders
27:44 Moon Well
30:47 Altar of Storms
31:03 Moon Well
41:47 Great Hall
46:58 Great Hall
47:02 Altar of Storms
» items
| Healing Salve | 2 | |
| Scroll of Town Portal | 6 | |
| Orb of Lightning | 1 | |
| Claws of Attack +6 | 2 | |
| Potion of Mana | 5 | |
| Potion of Healing | 2 | |
18 total
FUNFLUFFYFLOWER (
orange | 60 APM | 3569 actions | 59:49)
9 Blademaster
3 Wind Walk
3 Critical Strike
1 Bladestorm
2 Mirror Image
2 Shadow Hunter
1 Hex
1 Healing Wave
1 Death Knight
1 Death Pact
2 Pandaren Brewmaster
1 Breath of Fire
1 Drunken Haze
» actions
| Assign group hotkey | 121 | |
| Basic commands | 73 | |
| Build / train | 93 | |
| Enter build submenu | 33 | |
| Enter hero's abilities submenu | 15 | |
| Give item / drop item | 8 | |
| Right click | 1472 | |
| Select / deselect | 346 | |
| Select group hotkey | 1155 | |
| Use ability | 253 | |
3569 total
» units
| Peon | 15 | |
| Goblin Shredder | 6 | |
| Wind Rider | 5 | |
| Goblin Sapper | 3 | |
| Troll Batrider | 11 | |
40 total
» upgrades
| Ranged Weapons | 3 | |
| Reinforced Defenses | 1 | |
| Envenomed Spears | 1 | |
| Armor | 3 | |
| Ensnare | 1 | |
| Liquid Fire | 1 | |
10 total
» buildings
| Altar of Storms | 1 | |
| Orc Burrow | 7 | |
| Voodoo Lounge | 1 | |
| War Mill | 1 | |
| Stronghold | 2 | |
| Great Hall | 5 | |
| Beastiary | 3 | |
| Fortress | 2 | |
| Watch Tower | 52 | |
74 total
» build order
00:13 Altar of Storms
00:20 Orc Burrow
00:48 Voodoo Lounge
01:35 War Mill
02:27 Stronghold
03:05 Orc Burrow
03:34 Great Hall
04:01 Orc Burrow
04:03 Orc Burrow
05:23 Beastiary
05:29 Fortress
05:29 Fortress
06:08 Watch Tower
06:09 Watch Tower
06:09 Watch Tower
06:31 Watch Tower
07:30 Watch Tower
07:30 Watch Tower
07:31 Watch Tower
07:31 Watch Tower
07:42 Beastiary
08:55 Watch Tower
08:55 Watch Tower
08:57 Watch Tower
08:58 Watch Tower
08:58 Watch Tower
08:59 Watch Tower
09:00 Watch Tower
09:01 Watch Tower
10:48 Watch Tower
10:49 Watch Tower
10:50 Watch Tower
10:50 Watch Tower
11:43 Watch Tower
11:44 Watch Tower
11:45 Watch Tower
12:20 Beastiary
12:22 Orc Burrow
12:23 Orc Burrow
12:57 Watch Tower
12:58 Watch Tower
12:58 Watch Tower
13:49 Orc Burrow
14:10 Watch Tower
14:11 Watch Tower
14:11 Watch Tower
16:41 Great Hall
17:00 Watch Tower
17:00 Watch Tower
17:01 Watch Tower
17:01 Watch Tower
17:17 Stronghold
18:33 Watch Tower
18:33 Watch Tower
18:34 Watch Tower
21:04 Great Hall
21:46 Watch Tower
21:47 Watch Tower
21:47 Watch Tower
21:49 Watch Tower
21:50 Watch Tower
21:50 Watch Tower
21:51 Watch Tower
23:38 Watch Tower
23:39 Watch Tower
23:39 Watch Tower
23:39 Watch Tower
24:34 Watch Tower
24:34 Watch Tower
24:34 Watch Tower
24:35 Watch Tower
24:36 Watch Tower
37:32 Great Hall
37:38 Great Hall
» items
| Healing Salve | 6 | |
| Staff of Teleportation | 3 | |
| Orb of Lightning | 1 | |
| Scroll of Town Portal | 2 | |
| Tiny Great Hall | 1 | |
| Potion of Lesser Invulnerability | 3 | |
| Scroll of Healing | 2 | |
| Lesser Clarity Potion | 1 | |
| Potion of Invisibility | 1 | |
20 total

»
thugliferises (
red | 48 APM | 940 actions | 19:25)
5 Death Knight
2 Unholy Aura
3 Death Coil
» actions
| Assign group hotkey | 18 | |
| Basic commands | 37 | |
| Build / train | 59 | |
| ESC pressed | 1 | |
| Enter build submenu | 20 | |
| Enter hero's abilities submenu | 5 | |
| Give item / drop item | 1 | |
| Right click | 470 | |
| Select / deselect | 224 | |
| Select group hotkey | 66 | |
| Use ability | 39 | |
940 total
» units
| Acolyte | 7 | |
| Ghoul | 11 | |
| Crypt Fiend | 11 | |
| Frost Wyrm | 6 | |
35 total
» upgrades
| Creature Carapace | 3 | |
| Web | 1 | |
| Creature Attack | 3 | |
| Freezing Breath | 1 | |
8 total
» buildings
| Ziggurat | 9 | |
| Crypt | 1 | |
| Altar of Darkness | 1 | |
| Graveyard | 2 | |
| Halls of the Dead | 1 | |
| Tomb of Relics | 1 | |
| Black Citadel | 1 | |
| Sacrificial Pit | 1 | |
| Boneyard | 2 | |
| Spirit Tower | 3 | |
22 total
» build order
00:08 Ziggurat
00:10 Crypt
00:14 Altar of Darkness
01:09 Ziggurat
01:51 Graveyard
02:04 Graveyard
03:03 Halls of the Dead
04:24 Ziggurat
04:30 Tomb of Relics
06:35 Black Citadel
09:01 Sacrificial Pit
09:54 Ziggurat
11:11 Boneyard
11:12 Boneyard
12:11 Ziggurat
12:29 Ziggurat
12:30 Ziggurat
12:33 Ziggurat
12:35 Ziggurat
13:26 Spirit Tower
13:27 Spirit Tower
13:29 Spirit Tower
» items
| Potion of Mana | 1 | |
| Potion of Healing | 2 | |
| Healing Salve | 1 | |
| Scroll of Town Portal | 1 | |
5 total
Chat log
(00:13 / All) DELICATESSEN: Blue is the biggest bitch since Carmela Soprano
(00:30 / All) FUNFLUFFYFLOWER: wat
(00:39 / All) FUNFLUFFYFLOWER: all aboard the train expressssss
(00:48 / All) DELICATESSEN: Skylar White of Breaking Bad
(04:32 / Allies) DELICATESSEN: I was gonna say send hero
(07:03 / All) FUNFLUFFYFLOWER: oh lol
(10:01 / All) DELICATESSEN: lawls
(12:19 / All) DELICATESSEN: mher lawl
(12:32 / All) DELICATESSEN: teal you made it so obvious
(14:09 / Allies) Skyler_White: will ytrade vwood for gold
(14:12 / All) DELICATESSEN: teal is try hard mh trash
(14:35 / Allies) Skyler_White: lop,k idont ned wood i ned gold
(14:37 / All) DELICATESSEN: lucky levl
(15:19 / Allies) Skyler_White: gold p[lease
(15:52 / All) DELICATESSEN: teal is the biggest faggot imaginable
(17:06 / All) DELICATESSEN: put your dingy away
(18:07 / All) DELICATESSEN: did teal ping us
(18:18 / All) FUNFLUFFYFLOWER: no lol
(18:22 / All) FUNFLUFFYFLOWER: he is "afk" righ tnow
(21:49 / All) DELICATESSEN: RUN DINGUS
(22:12 / All) DELICATESSEN: THE GREAT PEON EXODUS
(22:14 / All) FUNFLUFFYFLOWER: this team of mine needs to lose, untalkable chaps
(22:26 / All) DELICATESSEN: some made it south
(25:04 / Allies) DELICATESSEN: lumbeR?
(28:35 / All) FUNFLUFFYFLOWER: ur all gonna lose lol
(29:35 / Allies) Skyler_White: gold please
(33:34 / Allies) Skyler_White: gold please
(34:25 / All) FUNFLUFFYFLOWER: u guys are alittle slow eh
(35:14 / All) DELICATESSEN: pink tk
(35:16 / All) DELICATESSEN: kileld my sapper
(35:22 / All) FUNFLUFFYFLOWER: ur a great playerpurple lol
(35:34 / Allies) DELICATESSEN: Fuck you TK
(36:19 / All) FUNFLUFFYFLOWER: Lol
(36:28 / All) FUNFLUFFYFLOWER: 40% civil war
(36:29 / Allies) Skyler_White: hogginmgb all tghe mine s ashole
(37:07 / All) FUNFLUFFYFLOWER: dead
(37:10 / All) FUNFLUFFYFLOWER: ho
(37:13 / All) FUNFLUFFYFLOWER: who ur daddy
(37:16 / All) FUNFLUFFYFLOWER: y
(45:57 / All) FUNFLUFFYFLOWER: lol
(46:00 / All) FUNFLUFFYFLOWER: my bad yellow
(46:02 / All) FUNFLUFFYFLOWER: misclick
(48:49 / All) FUNFLUFFYFLOWER: u guys are great players
(49:02 / All) DELICATESSEN: RUN DINGUS
(50:23 / All) FUNFLUFFYFLOWER: are u guys killing each other or something lolz
(50:35 / All) DELICATESSEN: Blue and purple are having a tiff
(50:46 / All) DELICATESSEN: I killed the remnants of pink's pathetic forces because he is a TK
(51:40 / All) FUNFLUFFYFLOWER: lol
(51:48 / All) FUNFLUFFYFLOWER: dat ragequit
(52:53 / All) FUNFLUFFYFLOWER: i just dont know what is going on
(54:13 / All) FUNFLUFFYFLOWER: standoff
(54:21 / All) DELICATESSEN: Just pink and yellow here for the fun part
(55:07 / All) FUNFLUFFYFLOWER: yellow and orange
(55:15 / All) FUNFLUFFYFLOWER: yellow and pink i mean
(55:20 / All) FUNFLUFFYFLOWER: i have an announcement
(56:19 / All) FUNFLUFFYFLOWER: fuck it let them figure it out themsleves
(56:24 / All) DELICATESSEN: yeah
(58:22 / All) FUNFLUFFYFLOWER: complete my side
(58:40 / All) DELICATESSEN: Making offerings to the spirit Charlie Brown
(59:39 / All) DELICATESSEN: See ya on the other side, gents